Unix NetHack Version 5.0.0-0 post-release - last build May  4 2026 22:22:43 (774f63e81ad911689b3a0859ea89b322d5daca8d,branch:main).

Game began 2026-05-07 17:19:33, ended 2026-05-07 22:20:23.

Brudee, chaotic female human Barbarian

 -----------------                                           -----------------
 |............`|..                       i                   |.|.............|
 |.---.|.-------.|                               ----------- |.|.-----.|.---.|
 |.....|.|.......|                               |.....|.... |.......|..`..|.|
 |.--.-|.|.-----.-                               |--.|*|.|.---.-------.--.--.|
 |.....|.|........h                              |*..|...|.|..d|.*...........|
 |.--....-..--------.|.|                     ----|.-----.|.---d|--.---.|.-...|
 |.|.|.|.............@.|                     |...|`....|.|...|.|...|...|.|...|
 |.|.|.|.-----.-------N---                   |.--|.---.|.|--.|d|.--|.---.|.---
 |..^|...|         |.DL@...|                 |...|   |.|.|...|d|.| |.|.....|.|
 |--.----|       ---D-----        s          ---.|---|.|.|.-----.| |.|.-%|.|.|
 |.|.....|    A  |@..| B  q                    |.|...|.|.|.......| |...|.|.|.|
 |.-----.|.---   |&---@                        |%|.|.|.-----------.-.---.|.|.|
 |.......|...|    g   DA    W                  |...|.|.......|...........|...|
 |.|.--|.|.-.|------     -.|.--------- ------------|.|----.|.|.|.---.-------.|
 |.|...|.|.|.|.....|     ............|.|......%...%..|.....|.|...|...|.......|
 |.-.-.|.|.|.|.---.---.-----------.-^.--.---------.|.|.----....|.-----*------|
 |...|.....|.....|.................|`..........................|..(..........|
 -----------------------------------------------------------------------------
Brudee the Brigand         St:18/22 Dx:9 Co:17 In:7 Wi:6 Ch:7  Chaotic
Dlvl:25 $:0  HP:0(124) Pw:41(41) AC:-28 Xp:13/49001 T:22896  Blind

Latest messages:
 The guardian naga misses!
 The guardian naga misses!
 The guardian naga misses!
 The guardian naga misses!
 The guardian naga misses!
 The guardian naga misses!
 You smite the guardian naga.
 The blast of sleep gas hits you!
 For some reason you are not affected.
 The guardian naga misses!
 The guardian naga misses!
 The guardian naga misses!
 You smite the guardian naga.
 You are enveloped in a cloud of noxious gas!
 The blast of poison gas hits the green dragon.
 A wave of psychic energy pours over you!
 It locks on to your telepathy!
 The guardian naga bites!
 You are frozen!
 The guardian naga touches you!
 The guardian naga brushes against you.
 The invisible master lich vanishes and reappears next to you.
 The invisible master lich touches you!
 The invisible master lich casts a spell!
 Monsters appear from nowhere!
 You cough!
 You cough!
 It hits!
 The guardian naga bites!
 The guardian naga touches you!
 The guardian naga brushes against you.
 The invisible master lich touches you!
 You cough!
 You cough!
 It hits!
 The guardian naga bites!
 The guardian naga touches you!
 The guardian naga brushes against you.
 The invisible master lich touches you!
 The invisible master lich casts a spell at you!
 Your head suddenly aches painfully!
 You cough!
 You cough!
 It hits!
 You die...
 Do you want your possessions identified? [ynq] (y) y
 Do you want to see your attributes? [ynq] (y) y
 Do you want an account of creatures vanquished? [ynaq] (y) y
 Do you want to see your conduct and achievements? [ynq] (y) y
 Do you want to see the dungeon overview? [ynq] (y) n

Inventory:
 Amulets  ('"')
  j - an uncursed amulet of reflection (being worn)
 Weapons  (')')
  P - the blessed rustproof +3 Cleaver (weapon in hands)
 Armor    ('[')
  l - a blessed +8 elven leather helm (being worn)
  S - an uncursed burnt +0 pair of leather gloves (being worn)
  c - an uncursed fireproof +2 pair of jumping boots (being worn)
  r - a blessed fireproof +4 cloak of magic resistance (being worn)
  C - a blessed +3 oilskin cloak
  k - a blessed +4 Hawaiian shirt with a sea turtle motif (being worn)
  G - a blessed +1 green dragon scale mail (being worn)
 Scrolls  ('?')
  x - an uncursed scroll of scare monster
 Wands    ('/')
  F - a wand of cancellation (0:0)
  v - a wand of magic missile (0:5)
  Y - a wand of magic missile (0:4)
 Tools    ('(')
  i - a blessed bag of holding containing 68 items
  W - a can of grease (0:9)
  y - a +0 pick-axe (alternate weapon; not wielded)
  J - an uncursed skeleton key
  I - an uncursed stethoscope
  b - an uncursed towel (being worn)
  u - a blessed +0 unicorn horn
 Gems/Stones  ('*')
  V - a blessed luckstone

Contents of the bag of holding:
  8862 gold pieces
  an uncursed amulet of guarding
  the fireproof +3 Sting
  the +1 Werebane
  a cursed +0 shield of reflection
  2 uncursed apples
  7 uncursed food rations
  13 uncursed lumps of royal jelly
  an uncursed pancake
  an uncursed sprig of wolfsbane
  2 uncursed lizard corpses
  3 blessed scrolls of blank paper
  2 cursed scrolls of confuse monster
  2 uncursed scrolls of create monster
  a cursed scroll of create monster
  a blessed scroll of destroy armor
  an uncursed scroll of destroy armor
  a blessed scroll of earth
  3 uncursed scrolls of enchant weapon
  2 uncursed scrolls of fire
  an uncursed scroll of food detection
  2 uncursed scrolls of gold detection
  an uncursed scroll of punishment
  an uncursed scroll of stinking cloud
  2 blessed scrolls of teleportation
  4 uncursed scrolls of teleportation
  an uncursed potion of confusion
  an uncursed potion of fruit juice
  a blessed potion of full healing
  an uncursed potion of gain energy
  an uncursed potion of healing
  3 uncursed potions of invisibility
  a cursed potion of monster detection
  an uncursed potion of sickness
  an uncursed potion of sleeping
  2 uncursed potions of speed
  2 potions of holy water
  an uncursed ring of cold resistance
  an uncursed ring of free action
  an uncursed +1 ring of gain constitution
  an uncursed ring of poison resistance
  an uncursed ring of polymorph
  an uncursed ring of polymorph control
  an uncursed ring of searching
  an uncursed ring of slow digestion
  an uncursed ring of stealth
  a cursed ring of sustain ability
  an uncursed ring of teleport control
  a wand of cold (0:5)
  a wand of cold (0:2)
  a wand of create monster (0:0)
  a wand of digging (0:6)
  a cursed wand of digging (0:6)
  a wand of fire (0:7)
  a wand of fire (0:6)
  a wand of magic missile (0:7)
  a wand of magic missile (0:6)
  a wand of magic missile (0:6)
  a wand of magic missile (0:6)
  a wand of make invisible (0:3)
  a wand of opening (0:3)
  a wand of striking (0:3)
  a wand of striking (0:3)
  a wand of teleportation (0:6)
  an uncursed bugle
  a can of grease (0:6)
  an uncursed worthless piece of black glass
  an uncursed worthless piece of yellow glass

Brudee the Barbarian's attributes:

Background:
 You were a Brigand, a level 13 female human Barbarian.
 You were chaotic, on a mission for Set
 who was opposed by Mitra (lawful) and Crom (neutral).
 You were right-handed.
 You were in the Dungeons of Doom, on level 25.
 You entered the dungeon 22896 turns ago.
 It was nighttime.
 You had 49001 experience points, 30999 more were needed to attain level 14.

Basics:
 You had 0 out of 124 hit points.
 You had all 41 energy points (spell power).
 Your armor class was -28.
 Your wallet was empty, but
 you had 8862 zorkmids stashed away in your pack.
 Autopickup was on for '$"?+!=/' plus thrown.

Final Characteristics:
 Your strength was 18/22 (limit:18/100).
 Your dexterity was 9 (peak:17, limit:18).
 Your constitution was 17 (peak:18, limit:18).
 Your intelligence was 7 (peak:9, limit:18).
 Your wisdom was 6 (peak:7, limit:18).
 Your charisma was 7 (limit:18).

Final Status:
 You were deliberately blind.
 You weren't hungry.
 You were unencumbered.
 You were wielding an axe.
 You had expert skill with axe.

Final Attributes:
 You were piously aligned.
 You were magic-protected.
 You were cold resistant.
 You were poison resistant.
 You were immune to sickness.
 You were telepathic.
 You could jump.
 You had a moderate defense bonus (+7).
 You were warded.
 You were fast.
 You had reflection.
 You were extremely lucky.
 You had extra luck.
 Good luck did not time out for you.
 You are dead.

Miscellaneous:
 You encountered 1 bones level.
 Total elapsed playing time was 5 hours and 49 seconds.

Major events:
 Turn
    1: Brudee the chaotic female human Barbarian entered the dungeon
 1073: attained the rank of Pillager (level 3)
 1532: stole 4683 zorkmids worth of merchandise from Annootok's general store
 2777: stole 4738 zorkmids worth of merchandise from Matagami's general store
 4310: attained the rank of Bandit (level 6)
 4385: entered the Gnomish Mines
 5018: reached Mine Town
 5947: killed Kopasker, the general store proprietrix
 7826: was bestowed with Cleaver by Set
 8770: attained the rank of Brigand (level 10)
 9160: acquired the Mines' End luckstone
 9873: was bestowed with Orcrist by Set
10120: killed Matagami, the general store proprietrix
11850: entered Sokoban
12155: completed 1st Sokoban level
12484: completed 2nd Sokoban level
12732: completed 3rd Sokoban level
13598: completed 4th Sokoban level
13776: acquired the Sokoban amulet of reflection
15243: entered Home 1, the Quest
15943: was bestowed with Sting by Set
16501: was bestowed with Werebane by Set
17820: killed Balya, the used armor dealership proprietor
22415: killed Medusa
22896: killed by an iron golem, while paralyzed by a guardian naga

Spells:
 Name                 Level Category     Fail Retention
 create monster         2   clerical      96%    (gone)
 light                  1   divination    91%    (gone)

Skills:
 Fighting Skills
   bare handed combat [Basic]
   two weapon combat  [Unskilled]
   riding             [Unskilled]
 Weapon Skills
   dagger             [Unskilled]
   axe                [Expert]
   pick-axe           [Unskilled]
   short sword        [Unskilled]
   broadsword         [Unskilled]
   long sword         [Unskilled]
   two-handed sword   [Skilled]
   saber              [Unskilled]
   club               [Unskilled]
   mace               [Unskilled]
   morning star       [Unskilled]
   flail              [Unskilled]
   hammer             [Unskilled]
   quarterstaff       [Unskilled]
   spear              [Unskilled]
   trident            [Unskilled]
   bow                [Unskilled]
 Spellcasting Skills
   attack spells      [Unskilled]
   escape spells      [Unskilled]

Voluntary challenges:
 Character rerolling was not enabled.
 You never genocided any monsters.
 You never polymorphed an object.
 You never changed form.
 You used no wishes.
 You violated the special Sokoban rules thrice.
Achievements:
 You entered a shop.
 You attained the rank of Pillager.
 You attained the rank of Bandit.
 You entered the Gnomish Mines.
 You entered Minetown.
 You entered a temple.
 You attained the rank of Brigand.
 You completed the Gnomish Mines.
 You entered Sokoban.
 You completed Sokoban.
 You defeated Medusa.

 The Dungeons of Doom: levels 1 to 25
    Level 1:
       A fountain.
    Level 2:
       A food shop, a fountain.
    Level 3:
       A general store.
    Level 4:
       A general store.
       Stairs down to The Gnomish Mines.
    Level 5:
       A fountain.
    Level 6:
       Some fountains.
    Level 7:
       Some fountains, a grave.
       Final resting place for
          michelmartinet-Wiz-Hum-Mal-Neu, killed by a white unicorn.
    Level 8:
       A sink.
    Level 9:
       Many fountains.
    Level 10:
       Stairs up to Sokoban, level 9.
    Level 11:
    Level 12:
       A general store, a sink.
    Level 13:
    Level 14:
    Level 15:
       A general store, a fountain.
       Summoned by Pelias.
       Portal to The Quest.
    Level 16:
       An altar to Set, a fountain.
    Level 17:
       A primitive area.
    Level 18:
    Level 19:
    Level 20:
       A temple and some altars, a fountain.
    Level 21:
       A throne, a sink.
    Level 22:
       An altar, a sink, some graves.
    Level 23:
       An armor shop.
    Level 24:
    Level 25: <- You were here.
       Final resting place for
          you, killed by an iron golem, while paralyzed by a guardian naga.
 The Gnomish Mines: levels 5 to 12
    Level 5:
    Level 6:
    Level 7:
    Level 8:
       Many shops, a temple and an altar to Set, some fountains.
    Level 9:
    Level 10:
    Level 11:
    Level 12:
 The Quest:
    Level 1:
       Many trees.
       Home.
 Sokoban: levels 9 up to 6
    Level 6:
       Solved.
    Level 7:
       Solved.
    Level 8:
       Solved.
    Level 9:
       Solved.


Vanquished creatures:
    Medusa
  2 green dragons
  a minotaur
  a jabberwock
  a baluchitherium
  2 master mind flayers
  3 Olog-hai
  a displacer beast
  a titanothere
  a genetic engineer
  3 shopkeepers
  2 captains
  a lich
  a clay golem
  a nurse
  a frost giant
 an ettin
  2 lieutenants
  a watch captain
  a ghost
  3 queen bees
  a winged gargoyle
  3 giant mimics
  3 ogre tyrants
  2 rock trolls
 an umber hulk
  a flesh golem
 an elven monarch
  a doppelganger
  5 large mimics
  a wumpus
  a stalker
  3 earth elementals
  a water elemental
  a hill giant
  a giant mummy
  4 black nagas
  a xorn
  2 giant zombies
 an elf-noble
  2 sergeants
  a warg
  a winter wolf
  8 small mimics
  a glass piercer
  4 xans
 an ettin mummy
  2 quantum mechanics
  4 trolls
  2 wood golems
  a gelatinous cube
  a pyrolisk
  a large dog
  2 freezing spheres
  a flaming sphere
  3 shocking spheres
  a large cat
  3 dwarf rulers
  7 tengu
  2 ochre jellies
  a leocrotta
 an energy vortex
  4 stone giants
  2 elf mummies
  a human mummy
  a python
  3 pit vipers
  3 cobras
  2 wraiths
  2 carnivorous apes
  2 leather golems
  a soldier
  4 watchmen
 an amorous demon
  3 chameleons
  4 giant beetles
  2 quivering blobs
  6 cockatrices
  3 wolves
  a lynx
  2 panthers
  a spotted jelly
 35 leprechauns
  2 orc-captains
  a mumak
  6 giant spiders
  3 scorpions
  5 horses
  2 ice vortices
  3 black lights
  3 vampire bats
  3 forest centaurs
  4 gnome rulers
 an ogre
  4 brown puddings
  3 rust monsters
  5 owlbears
  a yeti
  2 gold golems
  4 werewolves
  7 lizards
  a chickatrice
  2 jaguars
  2 dwarf leaders
  2 blue jellies
  4 white unicorns
  2 gray unicorns
  4 dust vortices
  a raven
  3 plains centaurs
  2 Kop Kaptains
  a gnome mummy
  3 snakes
  2 apes
  2 human zombies
  2 rope golems
  a soldier ant
  3 fire ants
 15 bugbears
  2 quasits
  a wood nymph
  3 water nymphs
  3 orc shamans
  5 rock piercers
  4 rock moles
  3 ponies
 10 fog clouds
  5 yellow lights
  3 violet fungi
 21 gnome leaders
  5 gnomish wizards
  5 Kop Lieutenants
  a kobold mummy
  a barrow wight
  2 elf zombies
  a ghoul
  3 paper golems
  3 giant ants
  a little dog
  9 floating eyes
 19 dwarves
  2 homunculi
  6 kobold leaders
  5 kobold shamans
  8 rothes
  2 rabid rats
  5 centipedes
  7 giant bats
 14 Kop Sergeants
  3 orc zombies
  2 wererats
  6 iguanas
 45 killer bees
  3 acid blobs
  a coyote
  3 gas spores
  6 hobbits
  7 manes
  a large kobold
 15 hobgoblins
  6 giant rats
  8 cave spiders
  2 yellow molds
  4 green molds
 60 gnomes
 36 Keystone Kops
 13 garter snakes
  9 geckos
  2 jackals
  4 foxes
  2 kobolds
 10 goblins
  7 sewer rats
 12 grid bugs
  3 bats
  6 lichens
  a kobold zombie
 12 newts
757 creatures vanquished.

No species were genocided or became extinct.

Game over:
                       ----------
                      /          \
                     /    REST    \
                    /      IN      \
                   /     PEACE      \
                  /                  \
                  |      Brudee      |
                  |     8862 Au      |
                  |   killed by an   |
                  |    iron golem    |
                  |                  |
                  |                  |
                  |       2026       |
                 *|     *  *  *      | *
        _________)/\\_//(\/(/\)/\//\/|_)_______

Goodbye Brudee the Barbarian...

You died in The Dungeons of Doom on dungeon level 25 with 163188 points,
and 8862 pieces of gold, after 22896 moves.
You were level 13 with a maximum of 124 hit points when you died.

